 Dungeon Crawl Stone Soup version 0.19.1 (webtiles) character file.

587 kae the Shield-Bearer (level 7, -5/56 HPs)
             Began as a Formicid Fighter on Dec 14, 2016.
             Slain by an ogre
             ... wielding a +0 giant club
              (27 damage)
             ... on level 4 of the Dungeon.
             The game lasted 00:05:52 (4610 turns).

kae the Shield-Bearer (Formicid Fighter)            Turns: 4610, Time: 00:05:53

Health: -5/56      AC:  9    Str: 23    XL:     7   Next: 65%
Magic:  7/7        EV:  8    Int:  7    God:
Gold:   78         SH: 10    Dex: 10    Spells: 0 memorised, 6 levels left

rFire  . . .     SeeInvis +     a - +0 long sword
rCold  . . .     Gourm    .     b - +1 scale mail
rNeg   . . .     Faith    .     c - +0 shield
rPois  .         Spirit   .     (helmet unavailable)
rElec  .         Reflect  .     (no cloak)
rCorr  .         Harm     .     (no gloves)
MR     .....                    t - +0 pair of boots
Stlth  ..........               (no amulet)
                                (no ring)
                                (no ring)

@: lethally poisoned (-5 -> -5)
A: permanent stasis, dig shafts and tunnels, four strong arms, antennae 3
a: Dig, Shaft Self


You were on level 4 of the Dungeon.
You were not hungry.

You visited 1 branch of the dungeon, and saw 4 of its levels.

You collected 78 gold pieces.

Inventory:

Hand Weapons
 a - a +0 long sword (weapon)
Missiles
 e - a throwing net (quivered)
Armour
 b - a +1 scale mail (worn)
 c - a +0 shield (worn)
 t - a +0 pair of boots (worn)
Scrolls
 k - a scroll of remove curse
 l - a scroll of amnesia
 u - a scroll of magic mapping {unknown}
 w - a scroll of identify
Potions
 d - a potion of might
 g - a potion of flight {unknown}
 h - a potion of magic
 i - a potion of degeneration {unknown}
 j - a potion of lignification {unknown}
 m - a potion of heal wounds {unknown}
 n - 3 potions of agility
 o - a potion of brilliance {unknown}
 q - 2 potions of curing {unknown}
 r - a potion of ambrosia {unknown}
 s - a potion of mutation {unknown}
Comestibles
 f - a bread ration
 p - 2 beef jerkies
 v - 3 chunks of flesh


   Skills:
 + Level 5.2 Fighting
 * Level 4.0 Long Blades
 + Level 5.6 Armour
 + Level 5.8 Shields


You had 6 spell levels left.
You didn't know any spells.

Dungeon Overview and Level Annotations

Branches:
Dungeon (4/15)
 Temple: D:4-7

Altars:
Trog


Innate Abilities, Weirdness & Mutations

You are under a permanent stasis effect.
You can dig through walls and to a lower floor.
Your four strong arms can wield two-handed weapons with a shield.
You have a pair of large antennae on your head. (SInv)


Message History

The ogre is heavily wounded.
You slash the ogre!
The ogre is severely wounded.
You block the ogre's attack.
You barely miss the ogre.
The ogre is severely wounded.
You block the ogre's attack.
You closely miss the ogre.
The ogre is severely wounded.
You feel sick. The ogre hits you with a giant club!
You barely miss the ogre.
The ogre is severely wounded.
You block the ogre's attack.
You hit the ogre.
The ogre is almost dead.
The ogre hits you with a giant club!
You hit the ogre but do no damage.
The ogre is almost dead.
You feel sick. The ogre hits you with a giant club!!
You die...

.#.#.#.#.#.'...⌠...'...#
#.#.#.#'#.##.......# ..#
.#.#.....#.#.⌠...⌠.##..####
#.#.#....'##.......#......#
.#.#.....#.####'####....#.#
#.#.#.#.#.#.#.#.#..........
.#.#.#.#.#.#.#.#+....#..#.#
#.#.#.#.#.#.#.#.#....# #
.#.# #.#.#.#.#.#@#.#.# .#
#.#.#.#.#O#..#.#
#.#.#.#.#.#.#.# #.#.#.#
#..#.# #.#.#.# #.#.# ...#.#
..# .#.# .# .#


You could see an ogre.

Vanquished Creatures
  An ogre (D:4)
  The ghost of TheOvate the Changer, an amateur DrTm of Yredelemnul (D:3)
  A hound (D:4)
  Ijyb (D:3)
  Natasha (thrice) (D:2)
  2 worker ants (D:4)
  A hound skeleton (D:4)
  Robin (D:2)
  3 adders
  6 gnolls
  An ooze (D:4)
  4 worms
  4 dart slugs
  5 leopard geckos
  12 orcs
  3 giant cockroaches
  4 hobgoblins (D:2)
  8 jackals
  2 quokkas
  2 ball pythons
  8 bats
  5 frilled lizards
  13 goblins
  3 kobolds (D:1)
  A quokka skeleton (D:4)
  8 rats
  2 plants (D:1)
105 creatures vanquished.

Notes
Turn   | Place    | Note
-------+----------+-------------------------------------------
     0 | D:1      | kae the Formicid Fighter began the quest for the Orb.
     0 | D:1      | Reached XP level 1. HP: 18/18 MP: 1/1
   315 | D:2      | Noticed Ijyb
   508 | D:2      | Reached XP level 2. HP: 18/24 MP: 2/2
   802 | D:1      | Reached XP level 3. HP: 27/29 MP: 3/3
  1258 | D:1      | Reached XP level 4. HP: 36/36 MP: 4/4
  1714 | D:2      | Found a bloodstained altar of Trog.
  1746 | D:2      | Reached XP level 5. HP: 41/42 MP: 5/5
  1890 | D:2      | Noticed Robin
  1938 | D:2      | Killed Robin
  2071 | D:2      | Noticed Natasha
  2086 | D:2      | Killed Natasha
  2250 | D:2      | Noticed Natasha
  2260 | D:2      | Killed Natasha
  2402 | D:2      | Reached XP level 6. HP: 21/48 MP: 6/6
  2784 | D:2      | Noticed Natasha
  2794 | D:2      | Killed Natasha
  3017 | D:3      | Noticed TheOvate's ghost (amateur DrTm)
  3095 | D:3      | Reached skill level 5 in Shields
  3163 | D:3      | Killed Ijyb
  3376 | D:3      | Killed TheOvate's ghost
  3376 | D:3      | Reached skill level 5 in Armour
  3516 | D:3      | Reached XP level 7. HP: 51/55 MP: 7/7
  4089 | D:4      | Reached skill level 5 in Fighting
  4308 | D:4      | Noticed a two-headed ogre
  4610 | D:4      | Slain by an ogre

Skill      XL: |  1  2  3  4  5  6  7 |
---------------+----------------------+-----
Shields        | 4 5 |  5.8
Armour         | 4 5 |  5.6
Long Blades    | 3 4 |  4.0
Fighting       | 4 5 |  5.2

Action                   |  1- 3 |  4- 6 |  7- 9 || total
-------------------------+-------+-------+-------++-------
Melee: Long sword        |   146 |   249 |   135 ||   530
Throw: Throwing net      |       |     3 |       ||     3
 Abil: Dig               |     1 |     8 |     2 ||    11
  Use: Scroll            |       |     5 |     2 ||     7
  Eat: Chunk             |     1 |     9 |     4 ||    14
Armor: Scale mail        |    40 |   103 |    53 ||   196
Dodge: Dodged            |    30 |    87 |    33 ||   150
Block: Shield            |    56 |   119 |    78 ||   253
       Rpst.: Long sword |    10 |    31 |     8 ||    49
